 Dungeon Crawl Stone Soup version 0.30.0-3-ga4e48a9924 (webtiles) character file.

Game seed: 9501383795073114048

5488 Gelion the Thaumaturge (level 11, -4/80 HPs)
             Began as a Djinni Conjurer on May 7, 2023.
             Slain by a yak (10 damage)
             ... on level 8 of the Dungeon.
             The game lasted 00:28:56 (8543 turns).

Gelion the Thaumaturge (Djinni Conjurer)            Turns: 8543, Time: 00:28:56

Health: -4/80      AC:  9    Str:  6    XL:     11   Next: 1%
Gold:   380        EV: 20    Int: 28    God:
                   SH:  5    Dex: 12

rFire   + + .        C - +8 war axe of Hubris {spect, Int+4}
rCold   x . .        (no shield)
rNeg    . . .        s - +2 steam dragon scales
rPois   ∞            (no helmet)
rElec   .            x - +1 cloak
rCorr   .            (no gloves)
SInv    .            (boots unavailable)
Will    +....        e - amulet of reflection
Stlth   ++           r - +5 ring of evasion
HPRegen 0.33/turn    (no ring)
MPRegen 0.00/turn

%: reflection, infuse magic (-5 HP)
@: about to teleport, flying
A: sickness immunity, fire resistance 2, cold vulnerability 1, float, innate
caster, HP casting, extra vitality 1
a: no special abilities


You were on level 8 of the Dungeon.
You visited 1 branch of the dungeon, and saw 8 of its levels.
You also visited: Ossuary.

You collected 446 gold pieces.
You spent 66 gold pieces at shops.

Inventory:

Hand Weapons
 C - the +8 war axe of Hubris (weapon) {spect, Int+4}
   (You found it on level 7 of the Dungeon)

   Int:       It affects your intelligence (+4).
Armour
 s - +2 steam dragon scales (worn)
 x - a +1 cloak (worn)
Jewellery
 e - an amulet of reflection (around neck)
 r - a +5 ring of evasion (left hand)
 E - a +6 ring of dexterity
Wands
 b - a wand of iceblast (13)
 p - a wand of flame (38)
 u - a wand of polymorph (8)
 B - a wand of paralysis (6)
 F - a wand of mindburst (13)
Scrolls
 d - 2 scrolls of poison
 l - a scroll of fear
 m - 6 scrolls of teleportation
 A - 3 scrolls of amnesia
Potions
 a - a potion of berserk rage {unknown}
 c - a potion of flight
 f - 2 potions of mutation
 g - 2 potions of might
 h - a potion of ambrosia
 i - a potion of resistance {unknown}
 j - 8 potions of curing
 k - 3 potions of lignification
 o - 2 potions of attraction
 q - 5 potions of heal wounds
 v - a potion of degeneration
 w - 2 potions of brilliance
 z - a potion of invisibility
 D - a potion of magic {unknown}


   Skills:
 + Level 7.7 Fighting
 + Level 8.8 Dodging
 - Level 1.5 Stealth
 * Level 9.2 Spellcasting


You knew the following spells:

 Your Spells              Type           Power      Damage    Failure   Level
a - Magic Dart            Conj           100%       1d8       1%          1
b - Searing Ray           Conj           100%       2d8       1%          2
c - Dazzling Flash        Conj/Hex       100%       N/A       1%          3
d - Fulminant Prism       Conj/Hex       29%        3d14      1%          4
e - Iskenderun's Mystic   Conj/Tloc      59%        2d12      1%          4
f - Sting                 Tmut/Pois      100%       1d8       1%          1
g - Poisonous Vapours     Pois/Air       100%       N/A       1%          2
h - Blink                 Tloc           100%       N/A       1%          2
i - Animate Dead          Necr           59%        N/A       1%          4
j - Cause Fear            Hex            29%        N/A       1%          4
Your spell library was empty.

Dungeon Overview and Level Annotations

Branches:
Dungeon (8/15)             Temple (0/1) D:7         Ossuary (visited)
   Lair: D:8-11

Altars:
Cheibriados
Dithmenos
Gozag
Hepliaklqana
Makhleb

Shops:
D:3 :   D:6 ***?=   D:7 (

Annotations:
D:4 2 transporters, Inkenn's ghost, novice SpHu


Innate Abilities, Weirdness & Mutations

You are immune to sickness and miasma.
You are immune to poison.
Your flesh is very heat resistant. (rF++)
You are vulnerable to cold. (rC-)
You float through the air rather than walking.
You learn spells naturally, not from books.
Your magical power is your life essence.
You have superior vitality. (+4 MHP)


Message History

A yak comes into view.
The yak bellows!
A white imp comes into view.
You see here a wolf corpse.
An ice beast comes into view.
You barely miss the yak.
The white imp shouts, "Face thy fugue, thou bootless crook-pated apple-john!"
Your +8 war axe of Hubris {spect, Int+4} hits the yak!
The yak closely misses you. The white imp gestures at you.
The puff of frost misses you. The yak gores you!
Your +8 war axe of Hubris {spect, Int+4} disappears.
The yak completely misses you.
You see here a wolf corpse.
The white imp lashes its tail.
The white imp gestures at you. The puff of frost hits you!
You feel a terrible chill! The white imp gestures at you.
The puff of frost hits you!
You feel a terrible chill!
* * * LOW HITPOINT WARNING * * *
The yak completely misses you.
The white imp laughs crazily.
The white imp attacks as you move away! The white imp completely misses you.
The yak attacks as you move away! The yak misses you.
You feel yourself speed up. The yak misses you. The white imp misses you.
The yak attacks as you move away! The yak gores you.
* * * LOW HITPOINT WARNING * * *
There is a stone staircase leading down here.
The yak attacks as you move away! The yak gores you!
* * * LOW HITPOINT WARNING * * *
The white imp closely misses you.
As you read the scroll of fear, it crumbles to dust.
You assume a fearsome visage.
The white imp looks frightened!
The yak resists with some effort.
The ice beast looks frightened!
The yak barely misses you.
As you read the scroll of teleportation, it crumbles to dust.
You feel strangely unstable. The yak closely misses you.
The yak attacks as you move away! The yak gores you!
You die...

...# ## ### ###.#. #. ..# #.._.
###.####.# #.#.## ##.....##.#
#...'#### #.8...8.#.# #.......#
####.......#.# #.......# ###
......._.....###....Y..# ...
...#.......#....@Y>.#### ...
...#.8...8.#....##..#######.#
...##.....##....##..........#.##
....###.#####...##.#5...........
........# #...##.....†.)....#
........# #...##.....#.#....#
###.....# #...##....§#.# ...#
###..^..#####......##§#§§§ #.#
................##.##.§§§#. #


You could see a yak, an ice beast (fleeing) and a white imp (fleeing).

Vanquished Creatures
  Erica (D:8)
  The ghost of MothFluffs the Cleaver, a novice MiFi of Hepliaklqana (D:7)
  Maggie (D:6)
  A troll (D:5)
  A hornet (D:8)
  A polar bear (D:8)
  Sigmund (D:6)
  2 wyverns
  A yak (D:8)
  Menkaure (D:6)
  Duvessa (D:6)
  2 water moccasins
  3 sky beasts
  4 ice beasts
  An orc warrior (D:8)
  2 ogres
  2 wolves (D:8)
  2 centaurs (D:7)
  2 bullfrogs
  2 scorpions
  2 water moccasin zombies (Ossuary)
  Dowan (D:6)
  3 howler monkeys (D:7)
  2 electric eels (D:8)
  4 hounds
  2 orc priests (D:7)
  Crazy Yiuf (D:6)
  7 iguanas
  4 orc wizards
  A centaur simulacrum (D:8)
  2 mummies (Ossuary)
  5 adders
  2 shadow imps (D:5)
  A white imp (D:4)
  2 ufetubi
  4 adder zombies (Ossuary)
  A worm (D:3)
  16 orcs
  10 endoplasms
  2 giant cockroaches (D:4)
  10 goblins
  9 hobgoblins
  6 jackals
  2 quokkas
  6 ball pythons
  6 bats
  3 frilled lizards
  3 gnoll zombies (Ossuary)
  7 hobgoblin zombies (Ossuary)
  5 kobolds
  4 kobold zombies (Ossuary)
  7 orc zombies (Ossuary)
  5 rats
177 creatures vanquished.

Vanquished Creatures (others)
  16 fulminant prisms
16 creatures vanquished.

Grand Total: 193 creatures vanquished

Notes
Turn   | Place    | Note
-------+----------+-------------------------------------------
     0 | D:1      | Gelion the Djinni Conjurer began the quest for the Orb.
     0 | D:1      | Gelion set off with the following spells memorised: Magic
                  | Dart, Searing Ray, Dazzling Flash, Fulminant Prism,
                  | Iskenderun's Mystic Blast.
     0 | D:1      | Reached XP level 1. HP: 15/15 MP: 0/0
   137 | D:1      | Reached XP level 2. HP: 16/22 MP: 0/0
   328 | D:1      | Reached XP level 3. HP: 25/26 MP: 0/0
   328 | D:1      | Learned a level 1 spell: Sting
   387 | D:1      | Reached skill level 1 in Fighting
   966 | D:2      | Reached XP level 4. HP: 31/32 MP: 0/0
  1709 | D:3      | Found Unel's Book Boutique.
  1950 | D:3      | Found a faded altar of an unknown god.
  2170 | D:3      | Reached skill level 4 in Spellcasting
  2484 | D:4      | Found a sand-covered staircase.
  2493 | Ossuary  | Entered an ossuary
  2537 | Ossuary  | Reached XP level 5. HP: 35/38 MP: 0/0
  2537 | Ossuary  | Learned a level 2 spell: Poisonous Vapours
  2869 | Ossuary  | Reached XP level 6. HP: 31/45 MP: 0/0
  3116 | D:4      | Found a transporter.
  3119 | D:4      | Noticed Inkenn's ghost (novice SpHu)
  3140 | D:4      | Found a transporter.
  3567 | D:4      | Found a snail-covered altar of Cheibriados.
  3572 | D:4      | Reached XP level 7. HP: 45/50 MP: 0/0
  3572 | D:4      | Learned a level 2 spell: Blink
  3684 | D:5      | Entered Level 5 of the Dungeon
  3691 | D:5      | Reached skill level 5 in Spellcasting
  3726 | D:5      | Noticed a troll
  3968 | D:5      | Found a burning altar of Makhleb.
  4617 | D:5      | Killed a troll
  4618 | D:5      | Reached skill level 5 in Dodging
  4618 | D:5      | Reached XP level 8. HP: 43/58 MP: 0/0
  4734 | D:6      | Noticed Duvessa
  4734 | D:6      | Noticed Dowan
  4740 | D:6      | Killed Dowan
  4745 | D:6      | Killed Duvessa
  4746 | D:6      | Reached skill level 6 in Spellcasting
  5009 | D:6      | Noticed Maggie
  5022 | D:6      | Killed Maggie
  5023 | D:6      | Reached skill level 5 in Fighting
  5023 | D:6      | Reached XP level 9. HP: 42/65 MP: 0/0
  5023 | D:6      | Learned a level 4 spell: Animate Dead
  5118 | D:6      | Noticed Sigmund
  5123 | D:6      | Killed Sigmund
  5125 | D:6      | Reached skill level 7 in Spellcasting
  5187 | D:6      | Found Lajuhyvu's Assorted Antiques.
  5193 | D:6      | Bought a lumpy black potion for 21 gold pieces
  5193 | D:6      | Bought a scroll labelled XUKUROP NINUAFF for 24 gold pieces
  5193 | D:6      | Bought a lumpy black potion for 21 gold pieces
  5292 | D:6      | Found Ylohyrill's General Store.
  5294 | D:6      | Found Xibial's General Store.
  5379 | D:6      | Found Suluigragi's Magic Scroll Boutique.
  5388 | D:6      | Found Ybuurr's Jewellery Shop.
  5564 | D:6      | Found a runed translucent door.
  5564 | D:6      | Noticed Menkaure
  5564 | D:6      | Noticed Crazy Yiuf
  5571 | D:6      | Killed Menkaure
  5572 | D:6      | Killed Crazy Yiuf
  6037 | D:7      | Reached XP level 10. HP: 6/73 MP: 0/0
  6295 | D:7      | Found Xegu's Antique Weapon Emporium.
  6322 | D:7      | Found a large runed translucent door.
  6324 | D:7      | Found a large runed translucent door.
  6327 | D:7      | Noticed MothFluffs's ghost (novice MiFi)
  6347 | D:7      | Killed MothFluffs's ghost
  6348 | D:7      | Reached skill level 8 in Spellcasting
  6682 | D:7      | Identified the +8 war axe of Hubris {spect, Int+4}
  6919 | D:7      | Found a hazy altar of Hepliaklqana.
  6963 | D:7      | Found a staircase to the Ecumenical Temple.
  8456 | D:8      | Found an opulent altar of Gozag.
  8471 | D:8      | Found a shadowy altar of Dithmenos.
  8493 | D:8      | Reached skill level 9 in Spellcasting
  8516 | D:8      | Noticed Erica
  8527 | D:8      | Killed Erica
  8528 | D:8      | Reached XP level 11. HP: 42/80 MP: 0/0
  8528 | D:8      | Learned a level 4 spell: Cause Fear
  8543 | D:8      | Slain by a yak

Illustrated notes

Levels and vault maps discovered:
D:1:      amcnicky_arrival_gap_in_the_tavern_cellar, layout_loops_ring
D:2:      layout_basic
D:3:      layout_basic, dilly_ecumenical_altar_fadedgnrine, serial_shops,
          nicolae_shop_tiny_waterfront
D:4:      layout_basic, mainiacjoe_overflow_alcove_2, enter_ossuary_3,
          gammafunk_ghost_arena
D:5:      layout_gridville, grunt_temple_overflow_open
D:6:      layout_rooms, serial_shops, nicolae_shop_dealshenge,
          nicolae_shop_crystal, nicolae_shop_window_shopping, shop,
          nicolae_shop_window_shopping, uniq_duvessa, uniq_crazy_yiuf_cottage,
          uniq_menkaure, uniq_maggie, uniq_sigmund
D:7:      layout_loops_ring, lemuel_crystal_altar, minmay_temple_entry_statues,
          ebering_ghost_disaster_area, serial_shops, nicolae_shop_dealshenge
D:8:      kennysheep_blocky_room, layout_basic, nzn_wu_jian_council_hall,
          grunt_gozag_statues, lemuel_crystal_altar, serial_ice, serial_ice_c,
          serial_ice_j, serial_ice_n, serial_ice_e, serial_ice_g, serial_ice_b,
          grunt_decor_resistance, hangedman_abyss_or_decor_clamps, uniq_erica

Skill      XL: |  1  2  3  4  5  6  7  8  9 10 |
---------------+-------------------------------+-----
Fighting       | 1 2 3 4 5 6 7 |  7.7
Dodging        | 3 4 5 6 7 8 |  8.8
Spellcasting   | 4 5 6 7 9 |  9.2
Stealth        | |  1.5

Action                     |  1- 3 |  4- 6 |  7- 9 | 10-12 || total
---------------------------+-------+-------+-------+-------++-------
  Melee: Unarmed           |     3 |       |     3 |       ||     6
         War axe           |       |       |       |     3 ||     3
   Cast: Magic Dart        |    64 |   101 |    40 |    29 ||   234
         Searing Ray       |     3 |    20 |    39 |    23 ||    85
         Iskenderun's Myst |       |     1 |    17 |     9 ||    27
         Poisonous Vapours |       |       |    13 |       ||    13
         Fulminant Prism   |       |       |     1 |    15 ||    16
    Use: Scroll            |       |    11 |       |    15 ||    26
         Potion            |       |       |     1 |       ||     1
 Armour: Robe              |     1 |     1 |       |       ||     2
         Steam dragon scal |       |       |    13 |     5 ||    18
  Dodge: Dodged            |     8 |    13 |    54 |    44 ||   119
  Block: Other             |     1 |     4 |    17 |     7 ||    29
         Reflection        |       |     1 |       |     1 ||     2
